 Dungeon Crawl Stone Soup version 0.28.0-53-g5a82cb258f (webtiles) character file.

Game seed: 10794040613465051941

203 quixfox the Covered (level 5, 0/34 HPs)
             Began as a Gargoyle Fighter on July 17, 2022.
             Frozen to death by an endoplasm (4 damage)
             ... on level 4 of the Dungeon.
             The game lasted 00:03:30 (3465 turns).

quixfox the Covered (Gargoyle Fighter)              Turns: 3465, Time: 00:03:30

Health: 0/34       AC: 11    Str: 22    XL:     5   Next: 81%
Magic:  5/5        EV:  9    Int:  8    God:
Gold:   176        SH:  4    Dex:  9    Spells: 4/4 levels left

rFire   . . .      SeeInvis .   s - +2 mace (vorpal)
rCold   . . .      Faith    .   c - +0 buckler
rNeg    + . .      Spirit   .   b - +0 scale mail
rPois   ∞          Reflect  .   (no helmet)
rElec   +          Harm     .   (no cloak)
rCorr   .          Rampage  .   (no gloves)
Will    .....                   (no boots)
Stlth   ..........              (no amulet)
HPRegen 0.11/turn               (no ring)
MPRegen 0.09/turn               (no ring)

@: mighty
A: sickness immunity, AC +4, negative energy resistance 1, electricity
resistance, torment resistance 1, petrification resistance
a: no special abilities


You were on level 4 of the Dungeon.
You visited 1 branch of the dungeon, and saw 4 of its levels.

You collected 176 gold pieces.

Inventory:

Hand Weapons
 a - a +0 flail
 s - a +2 vorpal mace (weapon)
Missiles
 l - a throwing net (quivered)
Armour
 b - a +0 scale mail (worn)
 c - a +0 buckler (worn)
Jewellery
 m - a ring of wizardry
Scrolls
 e - 2 scrolls of teleportation
 h - a scroll of fog
 j - 2 scrolls of noise {unknown}
 o - a scroll of amnesia {unknown}
Potions
 d - 2 potions of might
 f - a potion of berserk rage {unknown}
 g - a potion of invisibility {unknown}
 i - 2 potions of curing {unknown}
 k - a potion of magic {unknown}
 n - a potion of attraction {unknown}
 p - a potion of heal wounds {unknown}
 q - a potion of flight {unknown}
 r - a potion of brilliance {unknown}


   Skills:
 + Level 4.4 Fighting
 * Level 4.3 Maces & Flails
 + Level 4.4 Armour
 - Level 3.2 Shields


You had 4 spell levels left.
You didn't know any spells.
Your spell library contained the following spells:

 Spells                   Type           Power      Damage    Failure   Level
 Tukima's Dance           Hex            0%         N/A       99%         3
 Passage of Golubria      Tloc           0%         N/A       100%        4
 Yara's Violent Unravell  Hex/Tmut       0%         3d3       100%        5


Dungeon Overview and Level Annotations

Branches:
Dungeon (4/15)
 Temple: D:4-7

Altars:
Dithmenos
Nemelex Xobeh

Annotations:
D:4 Edmund


Innate Abilities, Weirdness & Mutations

You are immune to sickness and miasma.
Your stone body is resilient. (AC +4)
You are immune to poison.
You resist negative energy. (rN+)
You are resistant to electric shocks. (rElec)
You are resistant to unholy torment.
You are immune to petrification.


Message History

You block Edmund's attack.
You closely miss Edmund.
Edmund is moderately wounded.
Edmund hits you with a +0 dire flail of draining!
The endoplasm closely misses you.
You hit Edmund.
Edmund is moderately wounded.
Edmund hits you with a +0 dire flail of draining!
The endoplasm freezes you.
You are frozen.
You barely miss Edmund.
Edmund is moderately wounded.
Edmund hits you but does no damage. The endoplasm freezes you.
You are frozen.
* * * LOW HITPOINT WARNING * * *
An adder comes into view.
The adder hisses angrily.
You sock Edmund!
Edmund is severely wounded.
Edmund closely misses you. The endoplasm freezes you.
You are frozen.
* * * LOW HITPOINT WARNING * * *
Okay, then.
You barely miss Edmund.
Edmund is severely wounded.
Edmund says, "A flail is better than a scythe, any day of the week!"
Edmund hits you but does no damage. The endoplasm freezes you.
You are frozen.
* * * LOW HITPOINT WARNING * * *
Edmund closely misses you.
The endoplasm hits you but does no damage.
You hit Edmund.
Edmund is almost dead.
Edmund hits you but does no damage. The endoplasm freezes you.
You are frozen.
You die...

## .. # ..####..
#. ...#...#
.#####......#
............
#.....$....
##.SJ........
###..@@.###....
........<.......
.####....##.....
##.... ....
#...... ..
#.##.#.. ..
#.###. ... ..#
.. ... ... ..


You could see Edmund, an adder and an endoplasm.

Vanquished Creatures
  2 iguanas (D:3)
  An orc wizard (D:3)
  3 gnolls (D:2)
  2 adders (D:2)
  2 dart slugs
  4 orcs (D:3)
  8 ball pythons
  5 endoplasms
  A giant cockroach (D:2)
  3 goblins
  3 hobgoblins
  11 jackals
  A ball python zombie (D:3)
  5 bats
  4 frilled lizards
  6 kobolds
  15 rats
76 creatures vanquished.

Notes
Turn   | Place    | Note
-------+----------+-------------------------------------------
     0 | D:1      | quixfox the Gargoyle Fighter began the quest for the Orb.
     0 | D:1      | Reached XP level 1. HP: 14/14 MP: 1/1
   351 | D:1      | Reached XP level 2. HP: 16/19 MP: 2/2
   663 | D:1      | Found a faded altar of an unknown god.
  1192 | D:2      | Reached XP level 3. HP: 18/23 MP: 3/3
  1380 | D:2      | Reached XP level 4. HP: 26/29 MP: 4/4
  2275 | D:3      | Reached XP level 5. HP: 32/33 MP: 5/5
  2436 | D:3      | Found a sparkling altar of Nemelex Xobeh.
  2564 | D:3      | Found a shadowy altar of Dithmenos.
  3456 | D:4      | Noticed Edmund
  3465 | D:4      | Frozen to death by an endoplasm

Illustrated notes

Levels and vault maps discovered:
D:1:      nzn_arrival_crosshair, layout_basic,
          shapermc_ecumenical_altar_notcrosses
D:2:      layout_basic, minmay_split_cup_small
D:3:      layout_loops_corners, nemelex_spade_bored_becter,
          amcnicky_altar_gilded, serial_aquarium, aquarium_bridge_long_separate
          [aquarium_subvault_bridge, aquarium_subvault_window,
          aquarium_subvault_balcony, aquarium_subvault_bridge,
          aquarium_subvault_bridge, aquarium_subvault_bridge],
          aquarium_bridge_straight [aquarium_subvault_bridge,
          aquarium_subvault_window, aquarium_subvault_bridge,
          aquarium_subvault_wall], aquarium_window_1, aquarium_window_1,
          aquarium_window_fake, aquarium_window_fake, aquarium_view_2f,
          aquarium_view_2b, grunt_ministairs_2, fountainhead,
          minmay_starry_boxes
D:4:      layout_cave_pools, dk_xom_monty_hall, nicolae_overflow_hidden_temple,
          minivault_19, minmay_mini_ossuary, uniq_edmund, uniq_natasha,
          uniq_grinder

Skill      XL: |  1  2  3  4  5 |
---------------+----------------+-----
Maces & Flails | 3 4 |  4.3
Armour         | 4 |  4.4
Fighting       | 4 |  4.4
Shields        | |  3.2

Action                   |  1- 3 |  4- 6 || total
-------------------------+-------+-------++-------
Melee: Flail             |    69 |   131 ||   200
       Mace              |       |    12 ||    12
  Use: Scroll            |     2 |     2 ||     4
       Potion            |       |     1 ||     1
Armor: Scale mail        |    31 |    88 ||   119
Dodge: Dodged            |    36 |    69 ||   105
Block: Buckler           |     8 |    35 ||    43
